 Dungeon Crawl Stone Soup version 0.13.0-26-gf7ffa3a (webtiles) character file.

85 M4edhros the Sneak (level 2, 0/19 HPs)
             Began as an Octopode Artificer on Nov 1, 2013.
             Slain by an orc
             ... wielding a -1,+1 orcish flail
              (9 damage)
             ... on Level 3 of the Dungeon.
             The game lasted 00:00:46 (509 turns).

M4edhros the Sneak (Octopode Artificer)              Turns: 509, Time: 00:00:47

HP   0/19        AC  1     Str 10      XL: 2   Next: 41%
MP   3/3         EV 12     Int 14      God:
Gold 71          SH  0     Dex 12      Spells:  0 memorised,  1 level left

Res.Fire  : . . .   See Invis. : .   a - +0 short sword
Res.Cold  : . . .   Warding    : .   (no shield)
Life Prot.: . . .   Conserve   : .   (helmet restricted)
Res.Poison: .       Res.Corr.  : +   h - amulet of resist corrosion
Res.Elec. : .       Clarity    : .   (no ring)
Sust.Abil.: . .     Spirit.Shd : .   (no ring)
Res.Mut.  : .       Stasis     : .   (no ring)
Res.Rott. : .       Flight     : .   (no ring)
Saprovore : . . .                    (no ring)
                                     (no ring)
                                     (no ring)
                                     (no ring)

@: not resistant to hostile enchantments, quite stealthy
A: almost no armour, amphibious, 8 rings, constrict 8, camouflage 1, AC +1
a: no special abilities


You were on level 3 of the Dungeon.
You were not hungry.

You visited 1 branch of the dungeon, and saw 3 of its levels.

You collected 51 gold pieces.

Inventory:

Hand weapons
 a - a +0,+0 short sword (weapon)
Magical devices
 b - a wand of flame (15)
 c - a wand of enslavement (13)
 d - a wand of random effects (13)
Comestibles
 f - 2 bread rations
Scrolls
 j - 2 scrolls of magic mapping {unknown}
 k - a scroll of remove curse {unknown}
Jewellery
 h - an amulet of resist corrosion (around mantle)
Potions
 e - a potion of heal wounds {unknown}
 g - 2 potions of curing {unknown}
 i - a potion of mutation {unknown}


   Skills:
 - Level 1.0 Fighting
 - Level 1.0 Short Blades
 - Level 2.0 Dodging
 + Level 3.4 Stealth
 - Level 3.2 Evocations


You had one spell level left.
You didn't know any spells.

Dungeon Overview and Level Annotations

Branches:
Dungeon (3/27)

Altars:
Cheibriados


Innate Abilities, Weirdness & Mutations

You cannot wear most types of armour.
You are amphibious.
You can wear up to eight rings at the same time.
You can use your tentacles to constrict many enemies at once.
Your skin changes colour to match your surroundings (Stlth).
Your rubbery body absorbs attacks (AC +1).


Message History

Zapping:
d - a wand of random effects (15)
Press: ? - help, Shift-Dir - straight line, f - orc
Aim: an orc, wielding an orcish club (lightly wounded)
The orc easily resists.
This wand has 14 charges left.
The orc hits you with an orcish club.
Your orc barely misses the orc.
Evoke which item? (* to show all) (? for menu, Esc to quit)
Zapping:
d - a wand of random effects (14)
Press: ? - help, Shift-Dir - straight line, f - orc
Aim: an orc, wielding an orcish club (lightly wounded)
The orc seems to speed up.
This wand has 13 charges left.
The orc hits you with an orcish club. The orc barely misses you.
Your orc misses the orc. The orc hits you but does no damage.
Evoke which item? (* to show all) (? for menu, Esc to quit)
Zapping:
c - a wand of enslavement (14)
Press: ? - help, Shift-Dir - straight line, f - orc
Aim: an orc, wielding an orcish flail and wearing an orcish scale mail The orc is charmed.
This wand has 13 charges left.
The orc hits your orc with an orcish club!
The orc hits you but does no damage. The orc hits you with an orcish flail!
You die...

#...............
##...............
..................
...............$..
##...............
#...............
#..............[
#...............
#......@o.......
#.....ooo.......
........o......
...............
...............
.............
...........
......... ...


You could see 3 orcs and 2 friendly orcs.

Vanquished Creatures
  3 bats
  3 goblins (D:1)
  4 kobolds (D:1)
  5 rats
15 creatures vanquished.

Notes
Turn   | Place    | Note
--------------------------------------------------------------
     0 | D:1      | M4edhros, the Octopode Artificer, began the quest for the Orb.
     0 | D:1      | Reached XP level 1. HP: 14/14 MP: 1/1
   117 | D:1      | Found a snail-covered altar of Cheibriados.
   202 | D:1      | Reached XP level 2. HP: 14/19 MP: 3/3
   509 | D:3      | Slain by an orc

Action                   || total
-------------------------++-------
Melee: Short sword       ||    25
Evoke: Wand              ||     4
  Use: Scroll            ||     2
 Stab: Sleeping          ||     4
